[Event "23rd ETCC Open 2021"]
[Site "Catez"]
[Date "2021.11.13"]
[Round "2.54"]
[White "Blohberger, Felix"]
[Black "Pasko, Llambi"]
[Result "1/2-1/2"]
[ECO "B10"]
[WhiteElo "2490"]
[BlackElo "2417"]
[Annotator "ChessBase"]
[PlyCount "111"]
[EventDate "2021.11.08"]
[EventType "team-tourn"]
[EventCountry "SLO"]
[SourceTitle "playchess.com"]
[Source "ChessBase"]
[SourceQuality "1"]
[WhiteTeam "Austria"]
[BlackTeam "Albania"]
[WhiteTeamCountry "AUT"]
[BlackTeamCountry "ALB"]
[TimeControl "40/5400+30:1800+30"]

1. e4 c6 2. Nf3 d5 3. d3 Bg4 4. h3 Bxf3 5. Qxf3 e6 6. Nd2 Bd6 7. d4 dxe4 8.
Nxe4 Nf6 9. Nxd6+ Qxd6 10. c3 Nbd7 11. Be2 O-O 12. O-O e5 13. Rd1 Rfe8 14. dxe5
Qxe5 15. Bf1 Nf8 16. Be3 Ne6 17. Re1 Qd5 18. Qxd5 Nxd5 19. Bd2 Rad8 20. Rad1 b6
21. g3 Rd7 22. Bc1 Red8 23. h4 Nf6 24. Rxd7 Rxd7 25. Bg2 c5 26. Bf1 Kf8 27. a4
Re7 28. Bc4 Nd8 29. Kf1 Rxe1+ 30. Kxe1 Ne6 31. f3 Ke7 32. Be3 Kd6 33. Ke2 Nd5
34. Bd2 f5 35. Bd3 g6 36. h5 Ke5 37. hxg6 hxg6 38. Bb5 Ndc7 39. Bc4 a6 40. Bd3
b5 41. f4+ Kf6 42. axb5 axb5 43. b3 Ke7 44. Kf3 Kf6 45. g4 Nd8 46. Be1 Nb7 47.
Bh4+ Ke6 48. Bf2 Kf6 49. Bf1 Ke6 50. Be2 Kf6 51. Bd3 Ke6 52. Bf1 Kf6 53. Bg2
Na5 54. gxf5 gxf5 55. Bxc5 Nxb3 56. Bd6 1/2-1/2

[Event "23rd ETCC Open 2021"]
[Site "Catez"]
[Date "2021.11.13"]
[Round "2.55"]
[White "Ashiku, Franc"]
[Black "Shengelia, David"]
[Result "1/2-1/2"]
[ECO "E32"]
[WhiteElo "2419"]
[BlackElo "2513"]
[Annotator "ChessBase"]
[PlyCount "81"]
[EventDate "2021.11.08"]
[EventType "team-tourn"]
[EventCountry "SLO"]
[SourceTitle "playchess.com"]
[Source "ChessBase"]
[SourceQuality "1"]
[WhiteTeam "Albania"]
[BlackTeam "Austria"]
[WhiteTeamCountry "ALB"]
[BlackTeamCountry "AUT"]
[TimeControl "40/5400+30:1800+30"]

1. d4 Nf6 2. c4 e6 3. Nc3 Bb4 4. Nf3 b6 5. Qc2 Bb7 6. a3 Bxc3+ 7. Qxc3 d6 8. e3
Nbd7 9. Be2 O-O 10. O-O Ne4 11. Qc2 a5 12. Ne1 f5 13. f3 Ng5 14. Nd3 e5 15. c5
dxc5 16. dxc5 e4 17. c6 exd3 18. Qxd3 Bxc6 19. Qc4+ Kh8 20. Qxc6 Nc5 21. Qb5 a4
22. Qb4 Nb3 23. Rb1 Ne6 24. Rd1 Qf6 25. Bd2 Nxd2 26. Qxd2 Nc5 27. Qd4 Qe7 28.
Bb5 Rad8 29. Qc3 Rf6 30. Qe5 Re6 31. Rxd8+ Qxd8 32. Qxf5 Rxe3 33. Kf2 g6 34.
Qf7 Qe7 35. Qxe7 Rxe7 36. Rd1 Re5 37. Bc6 Re6 38. Bd7 Re7 39. Bc6 Re6 40. Bd7
Re7 41. Bc6 1/2-1/2

[Event "23rd ETCC Open 2021"]
[Site "Catez"]
[Date "2021.11.13"]
[Round "2.56"]
[White "Horvath, Dominik"]
[Black "Seitaj, Ilir"]
[Result "1/2-1/2"]
[ECO "C45"]
[WhiteElo "2469"]
[BlackElo "2351"]
[Annotator "ChessBase"]
[PlyCount "110"]
[EventDate "2021.11.08"]
[EventType "team-tourn"]
[EventCountry "SLO"]
[SourceTitle "playchess.com"]
[Source "ChessBase"]
[SourceQuality "1"]
[WhiteTeam "Austria"]
[BlackTeam "Albania"]
[WhiteTeamCountry "AUT"]
[BlackTeamCountry "ALB"]
[TimeControl "40/5400+30:1800+30"]

1. e4 e5 2. Nf3 Nc6 3. d4 exd4 4. Nxd4 Bc5 5. Nb3 Bb6 6. Nc3 d6 7. Qe2 Nge7 8.
Be3 O-O 9. O-O-O f5 10. f4 fxe4 11. Bxb6 axb6 12. Qxe4 Bf5 13. Qf3 Kh8 14. a3
Be6 15. Ne4 Qd7 16. Nf2 Bxb3 17. cxb3 Nf5 18. Bc4 Nfd4 19. Qh3 Qxh3 20. Nxh3 b5
21. Bd5 Ne2+ 22. Kb1 Nxf4 23. Nxf4 Rxf4 24. Rc1 Rf2 25. Bxc6 bxc6 26. Rxc6 Rxg2
27. Rxc7 h5 28. Rc2 Rxc2 29. Kxc2 Kh7 30. Kc3 g5 31. Kb4 Rb8 32. Rd1 Kg6 33.
Rxd6+ Kf5 34. Rd2 h4 35. Kc5 g4 36. a4 bxa4 37. bxa4 Ra8 38. Kb4 Rb8+ 39. Kc5
Ra8 40. Kb4 Rb8+ 41. Ka3 g3 42. hxg3 hxg3 43. b4 Rg8 44. Rg2 Ke5 45. b5 Kd6 46.
Kb4 Rg4+ 47. Ka5 Kc7 48. Rc2+ Kb7 49. Rg2 Ka7 50. b6+ Kb7 51. Kb5 Rg5+ 52. Kc4
Kxb6 53. Kd4 Rg4+ 54. Ke3 Rxa4 55. Rxg3 Ra3+ 1/2-1/2

[Event "23rd ETCC Open 2021"]
[Site "Catez"]
[Date "2021.11.13"]
[Round "2.57"]
[White "Hillarp Persson, Tiger"]
[Black "Pancevski, Filip"]
[Result "1/2-1/2"]
[ECO "E71"]
[WhiteElo "2528"]
[BlackElo "2490"]
[Annotator "ChessBase"]
[PlyCount "117"]
[EventDate "2021.11.08"]
[EventType "team-tourn"]
[EventCountry "SLO"]
[SourceTitle "playchess.com"]
[Source "ChessBase"]
[SourceQuality "1"]
[WhiteTeam "Sweden"]
[BlackTeam "Macedonia"]
[WhiteTeamCountry "SWE"]
[BlackTeamCountry "MKD"]
[TimeControl "40/5400+30:1800+30"]

1. d4 Nf6 2. c4 g6 3. Nc3 Bg7 4. e4 d6 5. h3 O-O 6. Be3 e5 7. d5 Na6 8. g4 Nc5
9. f3 h5 10. Qd2 Nh7 11. O-O-O h4 12. Nge2 Bf6 13. Kb1 Bg5 14. f4 exf4 15. Nxf4
Re8 16. Bg2 Nf6 17. Nh5 Nh7 18. Nf4 Nf6 19. Nd3 Bxe3 20. Qxe3 Nxd3 21. Rxd3 Nd7
22. Rd2 Ne5 23. Bf1 a6 24. g5 f6 25. gxf6 Qxf6 26. Rf2 Qe7 27. Qh6 Qh7 28. Qg5
Qe7 29. Qh6 Bd7 30. Rf4 Qg7 31. Qg5 Rf8 32. Qxh4 Nf3 33. Qg3 Rxf4 34. Qxf4 Rf8
35. Qe3 Qd4 36. Qxd4 Nxd4 37. h4 Rf2 38. Bd3 Nf3 39. Be2 Nd4 40. Bd1 Kg7 41.
Kc1 Kh6 42. Re1 Rf4 43. e5 dxe5 44. Rxe5 Nf5 45. Re4 Rxh4 46. Rxh4+ Nxh4 47.
Ne4 g5 48. Nf6 Bf5 49. Kd2 Bg6 50. b4 Kg7 51. Nd7 Bf5 52. Nc5 Bc8 53. Ne4 g4
54. Ke3 b6 55. Kd4 Nf5+ 56. Ke5 g3 57. Bf3 Ne3 58. Nxg3 Nxc4+ 59. Ke4 1/2-1/2

[Event "23rd ETCC Open 2021"]
[Site "Catez"]
[Date "2021.11.13"]
[Round "2.58"]
[White "Nikolovski, Nikola"]
[Black "Blomqvist, Erik"]
[Result "0-1"]
[ECO "B21"]
[WhiteElo "2401"]
[BlackElo "2542"]
[Annotator "ChessBase"]
[PlyCount "68"]
[EventDate "2021.11.08"]
[EventType "team-tourn"]
[EventCountry "SLO"]
[SourceTitle "playchess.com"]
[Source "ChessBase"]
[SourceQuality "1"]
[WhiteTeam "Macedonia"]
[BlackTeam "Sweden"]
[WhiteTeamCountry "MKD"]
[BlackTeamCountry "SWE"]
[TimeControl "40/5400+30:1800+30"]

1. e4 c5 2. Nc3 e6 3. f4 d5 4. Nf3 dxe4 5. Nxe4 Nc6 6. Bb5 Bd7 7. Qe2 Nf6 8. f5
e5 9. O-O Be7 10. c3 Qc7 11. Nxf6+ Bxf6 12. d3 O-O-O 13. Ng5 Bxg5 14. Bxg5 f6
15. Be3 Ne7 16. Bxd7+ Rxd7 17. Rad1 Rhd8 18. d4 cxd4 19. cxd4 exd4 20. Rc1 Nc6
21. Bf4 Qa5 22. Qd3 Re8 23. a3 Qd5 24. b4 Kd8 25. Qg3 d3 26. Rcd1 Nd4 27. Kh1
Nxf5 28. Qh3 Re2 29. Rg1 h5 30. Bb8 b6 31. Bf4 g5 32. Qxh5 gxf4 33. Qh8+ Kc7
34. Rc1+ Rc2 0-1

[Event "23rd ETCC Open 2021"]
[Site "Catez"]
[Date "2021.11.13"]
[Round "2.59"]
[White "Johansson, Linus"]
[Black "Risteski, Emil"]
[Result "1-0"]
[ECO "E92"]
[WhiteElo "2479"]
[BlackElo "2315"]
[Annotator "ChessBase"]
[PlyCount "121"]
[EventDate "2021.11.08"]
[EventType "team-tourn"]
[EventCountry "SLO"]
[SourceTitle "playchess.com"]
[Source "ChessBase"]
[SourceQuality "1"]
[WhiteTeam "Sweden"]
[BlackTeam "Macedonia"]
[WhiteTeamCountry "SWE"]
[BlackTeamCountry "MKD"]
[TimeControl "40/5400+30:1800+30"]

1. d4 Nf6 2. c4 g6 3. Nc3 Bg7 4. e4 d6 5. Be2 O-O 6. Nf3 e5 7. Be3 exd4 8. Nxd4
Re8 9. f3 c6 10. Bf2 d5 11. exd5 cxd5 12. O-O Nc6 13. c5 Nh5 14. Qd2 Be5 15. g3
Ng7 16. Rfe1 Be6 17. Rad1 Nxd4 18. Bxd4 Bxd4+ 19. Qxd4 Nf5 20. Qf4 Qe7 21. b4
a5 22. a3 axb4 23. axb4 d4 24. Ne4 Red8 25. g4 Ne3 26. Rd2 f5 27. Nd6 Qg7 28.
Rc1 fxg4 29. fxg4 Ra2 30. Rxa2 Bxa2 31. b5 Rf8 32. Qg3 Be6 33. c6 bxc6 34. bxc6
Qf6 35. g5 Qg7 36. c7 Nf5 37. Nxf5 Bxf5 38. Qd6 h6 39. Bc4+ Kh7 40. Be6 Bxe6
41. Qxe6 d3 42. c8=Q d2 43. Qc7 dxc1=Q+ 44. Qxc1 hxg5 45. Qh3+ Kg8 46. Qc4+ Qf7
47. Qxf7+ Kxf7 48. Qh7+ Kf6 49. Qd7 g4 50. Kg2 Rf7 51. Qd4+ Kg5 52. Qh8 Rf4 53.
Qd8+ Kf5 54. Qe7 Re4 55. Qd7+ Kf6 56. Kg3 Re5 57. Qd4 Kf5 58. Qf4+ Ke6 59. Qf8
Rh5 60. Qg7 Kf5 61. Qf7+ 1-0

[Event "23rd ETCC Open 2021"]
[Site "Catez"]
[Date "2021.11.13"]
[Round "2.60"]
[White "Mihov, Filip"]
[Black "Seo, Jung Min"]
[Result "1/2-1/2"]
[ECO "E48"]
[WhiteElo "2255"]
[BlackElo "2455"]
[Annotator "ChessBase"]
[PlyCount "60"]
[EventDate "2021.11.08"]
[EventType "team-tourn"]
[EventCountry "SLO"]
[SourceTitle "playchess.com"]
[Source "ChessBase"]
[SourceQuality "1"]
[WhiteTeam "Macedonia"]
[BlackTeam "Sweden"]
[WhiteTeamCountry "MKD"]
[BlackTeamCountry "SWE"]
[TimeControl "40/5400+30:1800+30"]

1. d4 Nf6 2. c4 e6 3. Nc3 Bb4 4. e3 d5 5. a3 Be7 6. Bd3 O-O 7. cxd5 exd5 8.
Nge2 c6 9. O-O Nbd7 10. f3 c5 11. Nf4 Nb6 12. Qc2 Bd6 13. dxc5 Bxc5 14. Nb5
Nbd7 15. Rd1 Qb6 16. Qf2 Re8 17. b4 Bxe3 18. Bxe3 Qxe3 19. Qxe3 Rxe3 20. Nc7
Rb8 21. Nfxd5 Nxd5 22. Nxd5 Re5 23. Rac1 Nf8 24. Nf4 Be6 25. Nxe6 Nxe6 26. Be4
a5 27. Bxb7 axb4 28. axb4 Rb5 29. Rc8+ Rxc8 30. Bxc8 Rxb4 1/2-1/2

[Event "23rd ETCC Open 2021"]
[Site "Catez"]
[Date "2021.11.13"]
[Round "2.62"]
[White "Georgiadis, Nico"]
[Black "Tisaj, Domen"]
[Result "1-0"]
[ECO "B69"]
[WhiteElo "2553"]
[BlackElo "2369"]
[Annotator "ChessBase"]
[PlyCount "81"]
[EventDate "2021.11.08"]
[EventType "team-tourn"]
[EventCountry "SLO"]
[SourceTitle "playchess.com"]
[Source "ChessBase"]
[SourceQuality "1"]
[WhiteTeam "Switzerland"]
[BlackTeam "Slovenia"]
[WhiteTeamCountry "SUI"]
[BlackTeamCountry "SLO"]
[TimeControl "40/5400+30:1800+30"]

1. e4 c5 2. Nf3 d6 3. d4 cxd4 4. Nxd4 Nf6 5. Nc3 Nc6 6. Bg5 e6 7. Qd2 a6 8.
O-O-O Bd7 9. f4 Be7 10. Nf3 b5 11. Bxf6 gxf6 12. f5 Qb6 13. Kb1 O-O-O 14. Ne2
Kb8 15. Nf4 Bc8 16. Bd3 Na5 17. fxe6 fxe6 18. Qe2 Rhe8 19. h3 d5 20. exd5 e5
21. Nh5 Rxd5 22. Bxh7 Rxd1+ 23. Rxd1 Rh8 24. Bg6 Nc4 25. g4 Qc5 26. Bf7 Bb7 27.
Bxc4 bxc4 28. Nd2 Rd8 29. Ng3 Qd4 30. Nf5 Qd7 31. Nxe7 c3 32. bxc3 Qxe7 33. Nb3
Rc8 34. Kb2 Qc7 35. Qe3 a5 36. a4 Ka8 37. Rf1 Qc6 38. g5 fxg5 39. Qxe5 Qb6 40.
Qxg5 Rc4 41. Rf6 1-0

[Event "23rd ETCC Open 2021"]
[Site "Catez"]
[Date "2021.11.13"]
[Round "2.63"]
[White "Brilej, Jaka"]
[Black "Kurmann, Oliver"]
[Result "1/2-1/2"]
[ECO "C22"]
[WhiteElo "2341"]
[BlackElo "2458"]
[Annotator "ChessBase"]
[PlyCount "170"]
[EventDate "2021.11.08"]
[EventType "team-tourn"]
[EventCountry "SLO"]
[SourceTitle "playchess.com"]
[Source "ChessBase"]
[SourceQuality "1"]
[WhiteTeam "Slovenia"]
[BlackTeam "Switzerland"]
[WhiteTeamCountry "SLO"]
[BlackTeamCountry "SUI"]
[TimeControl "40/5400+30:1800+30"]

1. e4 e5 2. d4 exd4 3. Qxd4 Nc6 4. Qd3 Nf6 5. Nc3 d5 6. Bf4 Be6 7. O-O-O Nxe4
8. Nxe4 dxe4 9. Qxe4 Bd6 10. Nf3 Bxf4+ 11. Qxf4 Qe7 12. Bb5 O-O 13. Bxc6 bxc6
14. Rhe1 Qc5 15. Qd4 Qa5 16. a3 Rab8 17. Re3 Rb5 18. Ne5 c5 19. Qc3 Qa4 20. Nd3
Rd8 21. Rde1 Qd4 22. Qxd4 cxd4 23. Re5 Rdd5 24. b4 Kf8 25. Nc5 Rxe5 26. Rxe5
Ke7 27. Re4 a5 28. Rxd4 axb4 29. axb4 Rb8 30. Re4 Kd6 31. Nxe6 fxe6 32. c3 Ra8
33. Kb2 Rf8 34. f3 Rf6 35. Rg4 g6 36. Kb3 Rf5 37. Kc4 g5 38. h4 gxh4 39. Rd4+
Kc6 40. Rxh4 h5 41. Re4 Kd6 42. Kd3 Rg5 43. Re2 h4 44. c4 Rh5 45. c5+ Kd7 46.
Kc4 c6 47. Kd4 h3 48. gxh3 Rxh3 49. Ke4 Rh4+ 50. f4 Rh1 51. Ra2 Re1+ 52. Kd4
Rd1+ 53. Ke5 Re1+ 54. Kd4 Rd1+ 55. Ke4 Re1+ 56. Kf3 Rb1 57. Ra4 Rf1+ 58. Kg4
Rg1+ 59. Kh5 e5 60. fxe5 Re1 61. Kg6 Rxe5 62. Kf6 Re4 63. Kf5 Re1 64. Ra7+ Kc8
65. Rh7 Re2 66. Rh4 Kd7 67. Rd4+ Kc7 68. Re4 Rf2+ 69. Ke6 Rh2 70. Ke5 Rh1 71.
Kd4 Rd1+ 72. Kc3 Rd7 73. Rh4 Kb7 74. Rh6 Kc7 75. Kb3 Rd1 76. Rh7+ Kc8 77. Kc4
Rc1+ 78. Kd4 Rb1 79. Ke5 Rxb4 80. Kd6 Rg4 81. Kxc6 Rg6+ 82. Kb5 Rf6 83. Ra7 Rh6
84. Ra6 Rxa6 85. Kxa6 Kc7 1/2-1/2

[Event "23rd ETCC Open 2021"]
[Site "Catez"]
[Date "2021.11.13"]
[Round "2.65"]
[White "Gretarsson, Hjorvar Steinn"]
[Black "Agopov, Mikael"]
[Result "0-1"]
[ECO "E60"]
[WhiteElo "2574"]
[BlackElo "2430"]
[Annotator "ChessBase"]
[PlyCount "72"]
[EventDate "2021.11.08"]
[EventType "team-tourn"]
[EventCountry "SLO"]
[SourceTitle "playchess.com"]
[Source "ChessBase"]
[SourceQuality "1"]
[WhiteTeam "Iceland"]
[BlackTeam "Finland"]
[WhiteTeamCountry "ISL"]
[BlackTeamCountry "FIN"]
[TimeControl "40/5400+30:1800+30"]

1. b3 Nf6 2. Bb2 c5 3. Nf3 g6 4. c4 Bg7 5. g3 d6 6. Bg2 Nc6 7. d4 Ne4 8. O-O
O-O 9. e3 Bg4 10. Qd3 Bxf3 11. Bxf3 Ng5 12. Bxc6 bxc6 13. f4 Ne6 14. Nd2 cxd4
15. exd4 c5 16. Nf3 d5 17. Ne5 dxc4 18. Qxc4 cxd4 19. Nxf7 Kxf7 20. f5 gxf5 21.
Rxf5+ Bf6 22. Re1 Qb6 23. Rb5 Qa6 24. a4 Rfb8 25. Qd5 Rxb5 26. axb5 Qc8 27. Ba3
Rb8 28. Re4 Rb6 29. Qf5 d3 30. Rg4 Qc3 31. Qh5+ Kf8 32. Qh6+ Bg7 33. Qxh7 Qe1+
34. Kg2 Qe2+ 35. Kh3 Qf1+ 36. Kh4 Bf6+ 0-1

[Event "23rd ETCC Open 2021"]
[Site "Catez"]
[Date "2021.11.13"]
[Round "2.66"]
[White "Koykka, Pekka"]
[Black "Hjartarson, Johann"]
[Result "0-1"]
[ECO "E20"]
[WhiteElo "2353"]
[BlackElo "2483"]
[Annotator "ChessBase"]
[PlyCount "90"]
[EventDate "2021.11.08"]
[EventType "team-tourn"]
[EventCountry "SLO"]
[SourceTitle "playchess.com"]
[Source "ChessBase"]
[SourceQuality "1"]
[WhiteTeam "Finland"]
[BlackTeam "Iceland"]
[WhiteTeamCountry "FIN"]
[BlackTeamCountry "ISL"]
[TimeControl "40/5400+30:1800+30"]

1. d4 Nf6 2. c4 e6 3. Nc3 Bb4 4. f3 c5 5. d5 d6 6. e4 exd5 7. cxd5 O-O 8. Nge2
Nbd7 9. Ng3 Re8 10. Be2 a6 11. O-O Rb8 12. Bg5 h6 13. Be3 b5 14. Qd2 c4 15. Nf5
Ne5 16. g4 Ba5 17. Bd4 Bb6 18. b4 Bxf5 19. gxf5 Nd3 20. Bxb6 Qxb6+ 21. Kg2 Nxb4
22. a3 Nd3 23. Bxd3 cxd3 24. Qxd3 Rbc8 25. Rfc1 Nd7 26. Ne2 Qd8 27. Qe3 Rxc1
28. Rxc1 Ne5 29. Rc3 Nc4 30. Qd4 Qh4 31. Ng3 Qg5 32. Kf2 h5 33. Qd1 g6 34. Qc1
Qxc1 35. Rxc1 h4 36. Ne2 gxf5 37. exf5 Re5 38. Nc3 Rxf5 39. a4 Ne5 40. Ke2 bxa4
41. Ne4 Rxf3 42. Nxd6 Rh3 43. Rc8+ Kh7 44. Ra8 Rxh2+ 45. Kf1 a3 0-1

[Event "23rd ETCC Open 2021"]
[Site "Catez"]
[Date "2021.11.13"]
[Round "2.67"]
[White "Gretarsson, Helgi Ass"]
[Black "Nyysti, Sampsa"]
[Result "0-1"]
[ECO "E46"]
[WhiteElo "2476"]
[BlackElo "2325"]
[Annotator "ChessBase"]
[PlyCount "148"]
[EventDate "2021.11.08"]
[EventType "team-tourn"]
[EventCountry "SLO"]
[SourceTitle "playchess.com"]
[Source "ChessBase"]
[SourceQuality "1"]
[WhiteTeam "Iceland"]
[BlackTeam "Finland"]
[WhiteTeamCountry "ISL"]
[BlackTeamCountry "FIN"]
[TimeControl "40/5400+30:1800+30"]

1. d4 Nf6 2. c4 e6 3. Nc3 Bb4 4. e3 O-O 5. Bd2 c5 6. Nf3 b6 7. Bd3 d5 8. a3
Bxc3 9. Bxc3 dxc4 10. Bxc4 Ba6 11. Bxa6 Nxa6 12. Qe2 cxd4 13. Bxd4 Nc5 14. Bxc5
bxc5 15. O-O Rb8 16. Rfc1 Qb6 17. Rc2 Qb5 18. Kf1 Qxe2+ 19. Kxe2 Rb7 20. Ne5
Rfb8 21. Nd3 Nd7 22. Rd1 Kf8 23. Rdd2 Ke8 24. Rc4 Rb3 25. Ra4 R8b7 26. Rc2 Ke7
27. Rd2 h5 28. Rc4 g6 29. Rcc2 R3b6 30. Kd1 Rd6 31. h4 Rb3 32. Nc1 Rb7 33. Nd3
Rb3 34. Ke2 Rb7 35. f3 Rb3 36. g3 Rb7 37. Rc3 Rb5 38. Kd1 Rb7 39. Kc1 Rb5 40.
Rdc2 c4 41. Nf2 Nb6 42. e4 Rd4 43. Nd1 f5 44. exf5 gxf5 45. Re3 Nd5 46. Re1 Kf6
47. Rce2 Rb6 48. Kc2 Rd3 49. Ne3 Nxe3+ 50. Rxe3 Rdb3 51. Rxb3 Rxb3 52. Rf1 e5
53. Rf2 Ke6 54. Rf1 Kd5 55. Rd1+ Kc5 56. g4 Rxf3 57. gxf5 Rxf5 58. Rd7 a5 59.
Ra7 Kd4 60. Rxa5 Rf2+ 61. Kc1 e4 62. Ra8 e3 63. Rd8+ Ke4 64. Re8+ Kd3 65. Rd8+
Ke2 66. Re8 Rf5 67. Kc2 Kf2 68. a4 e2 69. Kc3 e1=Q+ 70. Rxe1 Kxe1 71. Kxc4 Rf4+
72. Kb5 Rxh4 73. a5 Rh2 74. b4 Ra2 0-1

[Event "23rd ETCC Open 2021"]
[Site "Catez"]
[Date "2021.11.13"]
[Round "2.69"]
[White "Saraci, Nderim"]
[Black "Pechac, Jergus"]
[Result "0-1"]
[ECO "D02"]
[WhiteElo "2486"]
[BlackElo "2562"]
[Annotator "ChessBase"]
[PlyCount "114"]
[EventDate "2021.11.08"]
[EventType "team-tourn"]
[EventCountry "SLO"]
[SourceTitle "playchess.com"]
[Source "ChessBase"]
[SourceQuality "1"]
[WhiteTeam "Kosovo"]
[BlackTeam "Slovakia"]
[WhiteTeamCountry "KOS"]
[BlackTeamCountry "SVK"]
[TimeControl "40/5400+30:1800+30"]

1. Nf3 d5 2. g3 Nc6 3. d4 Bf5 4. Bg2 e6 5. O-O Nb4 6. Na3 Nc6 7. c4 Bxa3 8.
bxa3 Be4 9. Qa4 Nge7 10. Bd2 O-O 11. Rfc1 Bxf3 12. Bxf3 Nxd4 13. cxd5 Nxf3+ 14.
exf3 Nxd5 15. Rab1 b6 16. Qc6 Qf6 17. Kg2 Rad8 18. Bb4 Rfe8 19. Bc3 Qf5 20. Rb2
f6 21. Re2 Qg6 22. Qc4 c5 23. a4 a5 24. Rce1 Qf5 25. Bd2 Kf7 26. g4 Qg6 27. Re4
h5 28. h3 Re7 29. Bf4 hxg4 30. fxg4 Nxf4+ 31. Rxf4 Qd3 32. Qb3 Qxb3 33. axb3
Rd3 34. Rf3 Red7 35. Rfe3 e5 36. h4 R7d4 37. Kg3 Kg6 38. f3 Rd2 39. Rf1 Ra2 40.
f4 exf4+ 41. Rxf4 Rg2+ 42. Kxg2 Rxf4 43. Kg3 Rb4 44. Rd3 Kf7 45. h5 Kg8 46. Rf3
Kh7 47. Rd3 Kh6 48. Kh4 g6 49. hxg6 Kxg6 50. Kg3 Rd4 51. Rf3 c4 52. bxc4 Rxc4
53. Rf4 Rxf4 54. Kxf4 Kf7 55. Ke3 Ke6 56. Ke4 Kd6 57. Kf5 b5 0-1

[Event "23rd ETCC Open 2021"]
[Site "Catez"]
[Date "2021.11.13"]
[Round "2.70"]
[White "Druska, Juraj"]
[Black "Uruci, Endrit"]
[Result "1/2-1/2"]
[ECO "B31"]
[WhiteElo "2508"]
[BlackElo "2322"]
[Annotator "ChessBase"]
[PlyCount "81"]
[EventDate "2021.11.08"]
[EventType "team-tourn"]
[EventCountry "SLO"]
[SourceTitle "playchess.com"]
[Source "ChessBase"]
[SourceQuality "1"]
[WhiteTeam "Slovakia"]
[BlackTeam "Kosovo"]
[WhiteTeamCountry "SVK"]
[BlackTeamCountry "KOS"]
[TimeControl "40/5400+30:1800+30"]

1. e4 c5 2. Nf3 Nc6 3. Bb5 g6 4. O-O Bg7 5. Re1 e5 6. Bxc6 dxc6 7. h3 Nh6 8. d3
f6 9. Be3 b6 10. a4 O-O 11. a5 Be6 12. Nbd2 Nf7 13. axb6 axb6 14. Rxa8 Qxa8 15.
b4 cxb4 16. Bxb6 Rb8 17. Be3 Bf8 18. Qb1 c5 19. Qb2 Qa3 20. Rb1 Ra8 21. Kf1 Nd8
22. Ke1 Nc6 23. Nb3 c4 24. dxc4 Bxc4 25. Bc1 Qa6 26. Ra1 Qb7 27. Rxa8 Qxa8 28.
Qa1 Qb7 29. Be3 Qd7 30. Qa4 Bf7 31. Nfd2 Qc8 32. Kd1 Be8 33. Qa2 Qc7 34. Qa8
Qd8 35. Qa6 Qc7 36. Nc5 Qa5 37. Qc8 Qa1+ 38. Ke2 Nd4+ 39. Bxd4 Bb5+ 40. Nd3
Qxd4 41. Qb7 1/2-1/2

[Event "23rd ETCC Open 2021"]
[Site "Catez"]
[Date "2021.11.13"]
[Round "2.71"]
[White "Makolli, Perparim"]
[Black "Petenyi, Tamas"]
[Result "0-1"]
[ECO "C46"]
[WhiteElo "2245"]
[BlackElo "2458"]
[Annotator "ChessBase"]
[PlyCount "88"]
[EventDate "2021.11.08"]
[EventType "team-tourn"]
[EventCountry "SLO"]
[SourceTitle "playchess.com"]
[Source "ChessBase"]
[SourceQuality "1"]
[WhiteTeam "Kosovo"]
[BlackTeam "Slovakia"]
[WhiteTeamCountry "KOS"]
[BlackTeamCountry "SVK"]
[TimeControl "40/5400+30:1800+30"]

1. e4 g6 2. d4 Bg7 3. Nc3 d6 4. Be3 Nc6 5. Qd2 e5 6. Nf3 exd4 7. Nxd4 Nf6 8.
Nxc6 bxc6 9. Bh6 Bxh6 10. Qxh6 Be6 11. f3 Rb8 12. O-O-O Nd7 13. Qe3 O-O 14. h4
Qf6 15. f4 Rfe8 16. Qg3 Nc5 17. Bd3 h5 18. f5 Bd7 19. Bc4 Nxe4 20. Qxg6+ Kf8
21. Qxf6 Nxf6 22. Bd3 Rb4 23. Rdf1 Rg4 24. Rf2 Re5 25. Be2 Rg3 26. Bd3 c5 27.
Ne2 Rg4 28. b3 Bc6 29. Nf4 Bd7 30. Ne2 d5 31. c3 d4 32. cxd4 cxd4 33. Kd2 Bb5
34. Rc1 Bxd3 35. Kxd3 Re3+ 36. Kc4 d3+ 37. Nf4 d2 38. Rxd2 Rxf4+ 39. Kb5 Rxf5+
40. Ka6 Re6+ 41. Kxa7 Ra5+ 42. Kb7 Ne8 43. Kc8 Ra7 44. Kd8 Re7 0-1

[Event "23rd ETCC Open 2021"]
[Site "Catez"]
[Date "2021.11.13"]
[Round "2.72"]
[White "Mazur, Stefan"]
[Black "Saraci, Korab"]
[Result "0-1"]
[ECO "B76"]
[WhiteElo "2433"]
[BlackElo "2149"]
[Annotator "NA"]
[PlyCount "86"]
[EventDate "2021.11.08"]
[EventType "team-tourn"]
[EventCountry "SLO"]
[SourceTitle "playchess.com"]
[Source "ChessBase"]
[SourceQuality "1"]
[WhiteTeam "Slovakia"]
[BlackTeam "Kosovo"]
[WhiteTeamCountry "SVK"]
[BlackTeamCountry "KOS"]
[TimeControl "40/5400+30:1800+30"]

1. e4 c5 2. Nf3 d6 3. Nc3 Nc6 4. d4 cxd4 5. Nxd4 g6 6. Be3 Bg7 7. Qd2 Nf6 8. f3
O-O 9. O-O-O d5 10. Nxc6 bxc6 11. Bh6 Be6 12. Bxg7 Kxg7 13. e5 Nd7 14. h4 h5
15. g4 Rh8 16. gxh5 Rxh5 17. f4 Qh8 18. Bg2 Qh6 19. Bf3 Rf5 20. Ne2 Nxe5 21.
Qc3 Kf8 22. h5 Nxf3 23. hxg6 Rh5 24. Rxh5 Qxh5 25. Ng3 Qxg6 26. f5 Qxg3 27.
fxe6 Qg5+ 28. Kb1 Qf6 29. Qxc6 Rb8 30. b3 fxe6 31. Qc7 Rb4 32. Qxa7 Rf4 33. a4
Ng5 34. Rg1 Rf1+ 35. Rxf1 Qxf1+ 36. Kb2 Qf6+ 37. Ka3 Ne4 38. Qg1 Qc3 39. Qf1+
Ke8 40. Qb5+ Kd8 41. Qb6+ Kd7 42. Qb5+ Kd6 43. a5 Qc5+ 0-1

[Event "23rd ETCC Open 2021"]
[Site "Catez"]
[Date "2021.11.13"]
[Round "2.73"]
[White "Djukic, Nikola"]
[Black "Tate, Alan"]
[Result "1-0"]
[ECO "C65"]
[WhiteElo "2519"]
[BlackElo "2342"]
[Annotator "ChessBase"]
[PlyCount "71"]
[EventDate "2021.11.08"]
[EventType "team-tourn"]
[EventCountry "SLO"]
[SourceTitle "playchess.com"]
[Source "ChessBase"]
[SourceQuality "1"]
[WhiteTeam "Montenegro"]
[BlackTeam "Scotland"]
[WhiteTeamCountry "MNE"]
[BlackTeamCountry "SCO"]
[TimeControl "40/5400+30:1800+30"]

1. e4 e5 2. Nf3 Nc6 3. Bb5 Nf6 4. d3 Bc5 5. Bg5 h6 6. Bh4 Qe7 7. Nc3 g5 8. Bg3
d6 9. d4 exd4 10. Nxd4 Bd7 11. Bxc6 bxc6 12. O-O h5 13. e5 h4 14. Re1 O-O-O 15.
exf6 Qxf6 16. Be5 dxe5 17. Ne4 Qe7 18. Nxc5 Qxc5 19. Nb3 Qb6 20. Rxe5 Be6 21.
Qe2 Rd5 22. c4 Rxe5 23. Qxe5 Rd8 24. Nc5 Bxc4 25. b3 Rd5 26. Qe8+ Rd8 27. Qe7
Bd5 28. Rc1 Rg8 29. Qe5 Qa5 30. Qf5+ Be6 31. Qe4 Bd5 32. Qg4+ Kb8 33. Qe2 Rd8
34. Qe7 Rg8 35. a4 h3 36. b4 1-0